General information
- name: BNet
- type: Ladder 1vs1/FFA
- host: Battle.net
- saver: DamCommies
map: LostTemple
- players: 2
- length: 39:23
- speed: Fast
- version: 1.26 W3XP
- replay type: Public
» download(100 KB)
Players
team 1 (loser)
snosno15 (
orange | 21 APM | 812 actions | 39:22)
5 Demon Hunter
3 Immolation
2 Evasion
3 Priestess of the Moon
2 Trueshot Aura
1 Searing Arrows
1 Keeper of the Grove
1 Entangling Roots
» actions
| Build / train | 104 | |
| Enter build submenu | 21 | |
| Enter hero's abilities submenu | 9 | |
| Remove unit from queue | 9 | |
| Right click | 312 | |
| Select / deselect | 326 | |
| Use ability | 29 | |
812 total
» units
» upgrades
| Strength of the Moon | 3 | |
| Moon Armor | 3 | |
| Improved Bows | 1 | |
| Strength of the Wild | 3 | |
| Reinforced Hides | 2 | |
| Marksmanship | 1 | |
| Upgrade Moon Glaive | 1 | |
| Well Spring | 1 | |
15 total
» buildings
| Moon Well | 10 | |
| Altar of Elders | 1 | |
| Ancient of War | 1 | |
| Hunter's Hall | 1 | |
| Tree of Ages | 1 | |
| Tree of Life | 5 | |
| Tree of Eternity | 1 | |
20 total
» build order
00:38 Moon Well
00:50 Altar of Elders
01:08 Ancient of War
01:49 Moon Well
01:53 Moon Well
02:51 Moon Well
03:03 Hunter's Hall
03:57 Moon Well
05:24 Tree of Ages
07:04 Tree of Life
13:47 Moon Well
15:29 Moon Well
16:40 Moon Well
17:50 Moon Well
17:54 Tree of Eternity
18:42 Tree of Life
19:00 Moon Well
19:40 Tree of Life
20:44 Tree of Life
20:56 Tree of Life
team 2 (winner)
DamCommies (
yellow | 59 APM | 2323 actions | 39:23)
5 Archmage
2 Blizzard
3 Brilliance Aura
4 Blood Mage
2 Flame Strike
2 Siphon Mana
2 Mountain King
1 Storm Bolt
1 Bash
» actions
| Assign group hotkey | 43 | |
| Basic commands | 55 | |
| Build / train | 153 | |
| ESC pressed | 1 | |
| Enter build submenu | 55 | |
| Enter hero's abilities submenu | 11 | |
| Give item / drop item | 11 | |
| Right click | 776 | |
| Select / deselect | 611 | |
| Select group hotkey | 260 | |
| Use ability | 347 | |
2323 total
» units
| Peasant | 27 | |
| Goblin Shredder | 7 | |
| Goblin Zeppelin | 2 | |
| Goblin Sapper | 5 | |
| Sorceress | 1 | |
| Dragonhawk Rider | 4 | |
46 total
» upgrades
| Masonry | 3 | |
| Gunpowder | 3 | |
| Armor | 3 | |
| Flare | 1 | |
| Sorceress Training | 2 | |
| Magic Sentry | 1 | |
| Fragmentation Shards | 1 | |
| Animal War Training | 1 | |
| Cloud | 1 | |
| Swords | 3 | |
| Storm Hammers | 1 | |
| Plating | 3 | |
| Flak Cannons | 1 | |
| Barrage | 1 | |
| Priest Training | 1 | |
26 total
» buildings
| Altar of Kings | 2 | |
| Farm | 5 | |
| Lumber Mill | 1 | |
| Arcane Vault | 1 | |
| Scout Tower | 56 | |
| Arcane Tower | 7 | |
| Guard Tower | 22 | |
| Town Hall | 4 | |
| Keep | 1 | |
| Blacksmith | 3 | |
| Castle | 1 | |
| Workshop | 2 | |
| Arcane Sanctum | 1 | |
| Gryphon Aviary | 3 | |
| Barracks | 1 | |
110 total
» build order
00:04 Altar of Kings
00:05 Altar of Kings
00:27 Farm
00:27 Farm
00:48 Lumber Mill
01:02 Arcane Vault
01:13 Scout Tower
02:04 Arcane Tower
02:24 Scout Tower
02:52 Arcane Tower
03:03 Scout Tower
03:03 Scout Tower
03:12 Scout Tower
03:13 Scout Tower
03:18 Scout Tower
03:18 Scout Tower
03:27 Scout Tower
03:31 Scout Tower
03:36 Farm
04:03 Guard Tower
04:13 Scout Tower
04:15 Scout Tower
04:17 Guard Tower
04:38 Scout Tower
04:39 Scout Tower
04:46 Scout Tower
04:46 Scout Tower
04:54 Guard Tower
05:24 Town Hall
05:58 Guard Tower
06:05 Guard Tower
06:40 Farm
06:57 Guard Tower
07:01 Guard Tower
07:03 Guard Tower
07:30 Scout Tower
07:31 Scout Tower
07:50 Keep
07:54 Blacksmith
07:55 Blacksmith
07:58 Blacksmith
08:14 Farm
08:28 Guard Tower
08:32 Scout Tower
08:33 Scout Tower
08:34 Scout Tower
08:35 Scout Tower
08:36 Scout Tower
08:37 Scout Tower
09:37 Guard Tower
09:40 Scout Tower
09:41 Scout Tower
09:44 Scout Tower
09:48 Scout Tower
10:12 Castle
10:20 Workshop
10:20 Workshop
10:23 Arcane Sanctum
11:44 Arcane Tower
11:47 Arcane Tower
13:15 Gryphon Aviary
13:16 Gryphon Aviary
13:16 Gryphon Aviary
13:23 Barracks
16:58 Scout Tower
18:30 Arcane Tower
19:39 Scout Tower
19:40 Scout Tower
19:40 Scout Tower
19:40 Scout Tower
19:41 Scout Tower
19:42 Scout Tower
19:43 Scout Tower
19:44 Scout Tower
19:47 Scout Tower
19:48 Scout Tower
20:16 Guard Tower
20:38 Guard Tower
20:40 Scout Tower
20:41 Scout Tower
20:45 Town Hall
21:33 Arcane Tower
21:34 Guard Tower
22:23 Scout Tower
22:24 Scout Tower
22:24 Scout Tower
22:25 Scout Tower
22:26 Scout Tower
22:26 Scout Tower
22:27 Scout Tower
22:28 Scout Tower
22:52 Guard Tower
22:54 Arcane Tower
22:55 Guard Tower
23:02 Town Hall
23:29 Guard Tower
23:33 Scout Tower
23:34 Scout Tower
23:34 Scout Tower
23:35 Scout Tower
24:13 Guard Tower
24:28 Guard Tower
24:35 Guard Tower
24:40 Guard Tower
25:52 Guard Tower
31:46 Scout Tower
31:48 Scout Tower
31:49 Scout Tower
33:05 Guard Tower
36:12 Town Hall
» items
| Mechanical Critter | 3 | |
| Lesser Clarity Potion | 4 | |
| Scroll of Regeneration | 7 | |
| Scroll of Town Portal | 2 | |
| Potion of Mana | 2 | |
| Potion of Healing | 4 | |
| Staff of Sanctuary | 3 | |
| Ivory Tower | 4 | |
| Periapt of Vitality | 1 | |
| Boots of Speed | 2 | |
| Staff of Teleportation | 2 | |
| Potion of Lesser Invulnerability | 1 | |
| Orb of Fire | 1 | |
36 total
Chat log
(29:02 / All) DamCommies: lol
(29:35 / All) DamCommies: ragequit time?
(29:54 / All) DamCommies: when elfs lose their hero, they must ragequit
(29:55 / All) DamCommies: that's the rules
(30:13 / All) snosno15: what lol
(30:25 / All) DamCommies: you did a stupid attack move
(30:27 / All) DamCommies: and your hero died
(30:29 / All) DamCommies: now you have to quit
(30:32 / All) DamCommies: all elfs do
(30:37 / All) snosno15: dont have to
(30:50 / All) DamCommies: sorry but its the rules
(31:01 / All) snosno15: haha make me
(31:05 / All) DamCommies: oh i will :)
(31:08 / All) snosno15: haha
(31:12 / All) DamCommies: i guarantee you will leave
(31:17 / All) snosno15: ok
(31:21 / All) DamCommies: they always do
(31:44 / All) snosno15: press your attack where there are no towers then ahahahaha
(31:46 / All) snosno15: you cant win
(31:57 / All) snosno15: take it
(31:58 / All) DamCommies: winning is not my plan
(31:59 / All) DamCommies: :)
(32:02 / All) DamCommies: you will LEAVE
(32:07 / All) DamCommies: retard foreigner
(33:00 / All) snosno15: come and get it
(33:09 / All) DamCommies: i dont like your base
(33:10 / All) DamCommies: its a noob base
(33:15 / All) snosno15: ok
(33:20 / All) snosno15: then come and get it
(33:33 / All) DamCommies: i told you, i dont want your shitty base, it's too easy to fuck up
(33:50 / All) snosno15: well then we'll be here all day then haha
(33:51 / All) DamCommies: go expand
(33:52 / All) DamCommies: i wont stop you
(33:57 / All) DamCommies: my record is 4 days, 17 hours
(33:57 / All) snosno15: no i wont
(34:11 / All) DamCommies: but its ok, go ahead and "waste my time"
(34:13 / All) DamCommies: is that your plan?
(34:14 / All) snosno15: so be it
(34:17 / All) snosno15: yup
(34:19 / All) DamCommies: SO ANGRY
(34:21 / All) DamCommies: RAWWRRR
(34:24 / All) snosno15: haha
(34:27 / All) DamCommies: but you know what that implies, right?
(34:31 / All) snosno15: whats that
(34:33 / All) DamCommies: you're saying that my time is more valuable than yours
(34:39 / All) snosno15: nope
(34:43 / All) DamCommies: yes it is
(34:45 / All) snosno15: you are doing the same
(34:47 / All) snosno15: then
(34:56 / All) snosno15: figure that one out socrates
(34:59 / All) DamCommies: but you think this somehow punishes me
(35:05 / All) DamCommies: i am playin for a long game
(35:06 / All) snosno15: yes
(35:37 / All) DamCommies: do you even know who socrates is? lol
(35:48 / All) DamCommies: you talk like a retarded brazilian
(35:54 / All) snosno15: yeah i go to union college in new york
(35:58 / All) DamCommies: that sucks
(36:02 / All) DamCommies: couldnt get into cornell?
(36:02 / All) snosno15: i had a philosophy class
(36:08 / All) DamCommies: well...obviously
(36:12 / All) snosno15: union is just below ivy league
(36:14 / All) snosno15: haha
(36:14 / All) DamCommies: no it isnt
(36:15 / All) DamCommies: LOL
(36:22 / All) DamCommies: tell yourself whatever you need to
(36:30 / All) DamCommies: and enjoy your community college
(37:13 / All) snosno15: 97% of all the pre law get into law school and 94% of all pre med get into med school
(37:27 / All) DamCommies: how are those jamaican med schools anyway
(37:30 / All) snosno15: ranked 10th in the nation by princeton review
(37:42 / All) DamCommies: blah blah blah
(37:45 / All) snosno15: and its the single most expensive college in the nation
(37:51 / All) DamCommies: well, i believe that one
(38:03 / All) DamCommies: rich kids with mediocre performance have to go SOMEWHERE
(38:10 / All) DamCommies: and usc is full
(38:15 / All) snosno15: haha
(38:18 / All) snosno15: your funny
(38:22 / All) DamCommies: *you're
(38:23 / All) snosno15: you go where
(38:32 / All) DamCommies: jesus christ, stop embarassing yourself
(39:05 / All) DamCommies: yawn
(39:06 / All) DamCommies: so easy
(39:07 / All) snosno15: haha run bitch